 Dungeon Crawl Stone Soup version 0.22-a0-756-gc33bbe721d (webtiles) character file.

93899 Chiseanne the Unseen (level 15, 0/81 HPs)
             Began as a Spriggan Assassin on July 16, 2018.
             Was an Initiate of Gozag.
             Succumbed to a guardian serpent's bolt of poison
             ... on level 1 of the Elven Halls.
             The game lasted 02:13:05 (32497 turns).

Chiseanne the Unseen (Spriggan Assassin)           Turns: 32497, Time: 02:13:06

Health: 0/81       AC:  7    Str: 11    XL:     15   Next: 62%
Magic:  30/30      EV: 40    Int: 14    God:    Gozag
Gold:   961        SH:  0    Dex: 28    Spells: 31/34 levels left

rFire    + + .     SeeInvis +   Z - +8 autumn katana {slice, Clar}
rCold    + . .     Gourm    .   (shield restricted)
rNeg     + . .     Faith    .   c - +2 robe {rN+}
rPois    +         Spirit   .   y - +1 hat
rElec    .         Reflect  .   D - +1 cloak {MR+}
rCorr    .         Harm     .   (gloves unavailable)
MR       +++..     Clarity  +   (boots unavailable)
Stlth    +++++++++.             P - amulet "Esun" {Acrobat rPois Str+4 Stlth+}
HPRegen  0.23/turn              E - ring "Ypuziniu" {rF+ rC+ Stlth+}
MPRegen  0.22/turn              z - ring of protection from fire

@: agile, lethally poisoned (0 -> -10), hasted, very quick
A: very small, unfitting armour, see invisible, herbivore, speed 3, slow
metabolism 2
a: Potion Petition, Call Merchant, Bribe Branch, Renounce Religion


You were on level 1 of the Elven Halls.
You worshipped Gozag.
Gozag was pleased with you.
You were full.

You visited 6 branches of the dungeon, and saw 26 of its levels.

You collected 7867 gold pieces.
You spent 2221 gold pieces at shops.
You paid 4685 gold pieces to Gozag.

Inventory:

Hand Weapons
 a - a +9 short sword of protection
 d - a +2 scimitar of holy wrath
 e - the +9 hand crossbow "Duazyg" {velocity, Str+2}
   (You bought it in a shop on level 11 of the Dungeon)

   Any bolt fired from it inflicts extra damage.
   It affects your strength (+2).
 f - a +1 dagger of venom
 g - the +8 dagger of Incongruity {antimagic, Dex+3 Stlth+}
   (You bought it in a shop on level 2 of the Orcish Mines)

   It reduces the magical energy of the wielder, and disrupts the spells and
   magical abilities of those hit.
   Natural abilities and divine invocations are not affected.
   It affects your dexterity (+3).
   It makes you more stealthy.
 q - the +5 hunting sling "Guhota" {flame, rElec Int-3 SInv Stlth+}
   (You found it on level 5 of the Lair of Beasts)

   It causes projectiles fired from it to burn those they strike, causing extra
   injury to most foes and up to half again as much damage against particularly
   susceptible opponents.
   It affects your intelligence (-3).
   It insulates you from electricity.
   It lets you see invisible.
   It makes you more stealthy.
 w - a +0 blowgun
 I - a +1 scimitar of flaming
 Z - the +8 autumn katana (weapon) {slice, Clar}
   (You found it on level 14 of the Dungeon)

   It inflicts extra damage upon your enemies.
   It protects you against confusion.
Missiles
 h - 79 sling bullets
 i - 6 tomahawks of returning
 l - 91 poisoned needles
 N - 9 needles of sleeping
 T - 17 tomahawks (quivered)
 X - 22 bolts
Armour
 c - a +2 robe of positive energy (worn)
 t - a +2 robe of cold resistance
 y - a +1 hat (worn)
 D - a +1 cloak of magic resistance (worn)
 J - a +2 robe of the Archmagi
Jewellery
 z - a ring of protection from fire (right hand)
 E - the ring "Ypuziniu" (left hand) {rF+ rC+ Stlth+}
   (You found it on level 15 of the Dungeon)

   [ring of protection from fire]

   It protects you from fire.
   It protects you from cold.
   It makes you more stealthy.
 P - the amulet "Esun" (around neck) {Acrobat rPois Str+4 Stlth+}
   (You found it on level 12 of the Dungeon)

   [amulet of the acrobat]

   It helps you evade while moving and waiting.
   It affects your strength (+4).
   It protects you from poison.
   It makes you more stealthy.
 V - an uncursed ring of flight
Wands
 k - a wand of digging (9)
 x - a wand of iceblast (7)
 Y - a wand of random effects (30)
Scrolls
 b - 13 scrolls of remove curse
 p - 5 scrolls of blinking
 r - 3 scrolls of identify
 v - a scroll of summoning
 A - 3 scrolls of fear
 F - 11 scrolls of teleportation
 G - 6 scrolls of immolation
 H - 4 scrolls of magic mapping
 R - 6 scrolls of fog
Potions
 j - 2 potions of heal wounds
 o - 8 potions of curing
 B - 2 potions of ambrosia
 L - 3 potions of cancellation
 O - a potion of lignification
 S - a potion of berserk rage
Comestibles
 n - 24 rations


   Skills:
 - Level 10.4 Fighting
 - Level 12.1 Short Blades
 - Level 10.0 Crossbows
 - Level 10.0 Throwing
 - Level 14.6 Dodging
 - Level 16.5 Stealth
 - Level 10.0 Spellcasting
 + Level 11.7 Charms


You had 31 spell levels left.
You knew the following spells:

 Your Spells              Type           Power        Failure   Level  Hunger
a - Ozocubu's Armour      Chrm/Ice       ###.....     2%          3    #......

Your spell library contained the following spells:

 Spells                   Type           Power        Failure   Level  Hunger
 Throw Frost              Conj/Ice       #.....       16%         2    None
 Freeze                   Ice            #...         11%         1    None
 Summon Ice Beast         Ice/Summ       #.......     71%         4    ###....
 Spider Form              Tmut/Pois      #.........   30%         3    #......
 Blade Hands              Tmut           #.........   96%         5    #####..
 Ice Form                 Ice/Tmut       #.......     71%         4    ###....
 Throw Icicle             Conj/Ice       #.......     71%         4    ###....
 Sticks to Snakes         Tmut           #.......     16%         2    None
 Beastly Appendage        Tmut           #.....       11%         1    None


Dungeon Overview and Level Annotations

Branches:
Dungeon (15/15)            Temple (1/1) D:4            Lair (6/6) D:11
  Swamp (0/4) Lair:3       Spider (0/4) Lair:2        Slime (0/5) Lair:5
    Orc (2/2) D:10            Elf (1/3) Orc:2        Vaults (0/5) D:14
 Depths (1/5) D:15

Altars:
Ashenzari
Cheibriados
Dithmenos
Elyvilon
Fedhas
Gozag
Hepliaklqana
Kikubaaqudgha
Makhleb
Nemelex Xobeh
Okawaru
Qazlal
Ru
Sif Muna
Trog
Uskayaw
Vehumet
Wu Jian
Xom
Yredelemnul
Zin
The Shining One
Beogh

Shops:
D:10 [   D:11 *=(   D:14 }=   Orc:2 ([:*

Portals:
Desolation: Elf:1

Annotations:
D:10 2 transporters, brujo666's ghost, journeyman MiMo
D:15 3 runed doors, SnubMonkey's ghost, journeyman SpEn
Lair:1 2 transporters, Gyogu's ghost, journeyman BaFi
Lair:4 1 runed door, Semoacif's ghost, journeyman GnAE
Lair:5 2 transporters, exclusion: 4 oklob plants
Lair:6 exclusion: oklob plant


Innate Abilities, Weirdness & Mutations

You are very small and have problems with some larger weapons.
You are too small for most types of armour.
You have supernaturally acute eyesight. (SInv)
You are a herbivore.
You cover ground extremely quickly.
You need to consume almost no food.


Message History

The ragged hierophant is severely wounded.
The guardian serpent coils itself and waves its upper body at you.
The bolt of poison hits the saltling.
The saltling completely resists.
The bolt of poison hits you!
You are poisoned.
You resist.
* * * LOW HITPOINT WARNING * * *
The ragged hierophant casts a spell at you.
A blast of power from the earth and the adjacent constructs strikes you!
* * * LOW HITPOINT WARNING * * *
The saltling hits you.
* * * LOW HITPOINT WARNING * * *
The fire elemental completely misses you.
You riposte.
You slash the fire elemental!
The fire elemental is moderately damaged.
The fire elemental barely misses you.
You hit the ragged hierophant but do no damage.
The ragged hierophant is severely wounded.
You die...
Your body crumbles into a pile of gold.

. .# ##+####+###...
#..............
#........?.....
+...§Se.#.##...
+..§p8#.§§.S#..
#..§E@#e8.§§..
##++######..E.#..∩§§..
##....##.......#...§§#
##......#............§
##................##..#
#........................
#.........................
#.......##..........+....
##....)####........## ###


You could see a ragged hierophant, a guardian serpent, a deep elf mage, 2 fire
elementals and a saltling.

Vanquished Creatures
  Gastronok (Lair:2)
  Donald (Orc:2)
  A fire giant (D:15)
  2 orc warlords (Orc:1)
  Snorg (Orc:2)
  A dire elephant (Lair:6)
  Josephine (Orc:2)
  A fire dragon (Lair:6)
  4 hydras
  Harold (Lair:2)
  2 catoblepae (Lair:6)
  5 centaur warriors
  6 two-headed ogres
  3 death yaks (Lair:6)
  Nergalle (Lair:1)
  An orc high priest (Orc:1)
  Sonja (Lair:1)
  3 skeletal warriors (D:14)
  An unseen horror (D:14)
  An unseen horror (shapeshifter) (D:13)
  3 lindwurms (Lair:6)
  An orc knight (Orc:1)
  A necromancer (D:14)
  15 ugly things
  A wolf spider zombie (D:14)
  2 deep elf magi (D:12)
  3 cyclopes
  A wolf spider (Lair:2)
  6 manticores
  12 orc sorcerers
  7 elephants (Lair:6)
  4 black mambas
  A spiny frog (shapeshifter) (D:8)
  2 gargoyles
  12 spiny frogs
  6 torpor snails (Lair:6)
  A freezing wraith (D:15)
  2 rime drakes
  An efreet (D:14)
  4 komodo dragons
  2 kobold demonologists
  A troll (shapeshifter) (D:8)
  A queen bee (Lair:1)
  10 trolls
  2 ice devils (Lair:5)
  3 meliai (D:15)
  3 tyrant leeches (Lair:6)
  A merfolk (D:10)
  Grinder (D:5)
  A blink frog (Lair:6)
  2 dream sheep (Lair:6)
  4 slime creatures
  10 hornets
  12 hippogriffs
  A meliai zombie (D:14)
  2 centaur simulacra (D:15)
  Sigmund (D:5)
  3 shadows
  7 wyverns
  6 wraiths
  29 yaks
  A hungry ghost (D:15)
  A basilisk (D:14)
  2 steam dragons
  11 vampire mosquitoes
  3 wargs
  2 acid dragons (D:15)
  A soldier ant (D:11)
  A hell hound (D:11)
  6 water moccasins
  A floating eye (D:15)
  2 hornet zombies
  7 porcupines
  4 ice beasts
  An eye of draining (D:10)
  3 black bears
  29 orc warriors
  3 sky beasts
  A necrophage (D:8)
  A wolf (D:15)
  17 ogres
  23 centaurs
  11 crocodiles
  2 big kobolds (D:12)
  2 gnoll sergeants
  17 bullfrogs
  2 wyvern zombies (D:14)
  4 scorpions
  15 killer bees
  A wight (D:15)
  An electric eel (Lair:3)
  A howler monkey (D:13)
  9 crimson imps
  A quasit (D:6)
  3 centaur zombies
  4 hounds
  Crazy Yiuf (D:5)
  3 jellies
  3 centaur skeletons
  23 orc priests
  A bullfrog skeleton (D:4)
  Ijyb (D:3)
  Terence (D:3)
  5 iguanas
  34 orc wizards
  7 worker ants
  Natasha (twice) (D:3)
  A hound skeleton (D:4)
  A worker ant zombie (D:8)
  Robin (D:3)
  4 gnolls (D:6)
  11 adders
  2 shadow imps
  2 white imps (D:15)
  3 oozes
  An adder zombie (D:6)
  An adder skeleton (D:8)
  A worm (D:3)
  3 dart slugs
  8 leopard geckos
  79 orcs
  7 giant cockroaches
  13 goblins
  2 hobgoblins
  5 quokkas
  5 bats
  7 frilled lizards
  14 kobolds
  2 quokka skeletons
  A quokka zombie (D:7)
  3 rats
  2 butterflies (Lair:1)
  2 plants (Lair:6)
680 creatures vanquished.

Vanquished Creatures (collateral kills)
  A hell hound (D:11)
  3 killer bees (D:10)
4 creatures vanquished.

Vanquished Creatures (others)
  2 dancing weapons (Elf:1)
  3 orc wizards (Orc:2)
  2 orcs (Orc:2)
  A fungus (D:2)
  12 plants
20 creatures vanquished.

Grand Total: 704 creatures vanquished

Notes
Turn   | Place    | Note
-------+----------+-------------------------------------------
     0 | D:1      | Chiseanne the Spriggan Assassin began the quest for the Orb.
     0 | D:1      | Reached XP level 1. HP: 10/10 MP: 2/2
   140 | D:1      | Reached skill level 6 in Stealth
   203 | D:1      | Reached XP level 2. HP: 14/14 MP: 3/3
   546 | D:1      | Reached XP level 3. HP: 18/18 MP: 4/4
   671 | D:2      | Found an ancient bone altar of Kikubaaqudgha.
   991 | D:2      | Found a stormy altar of Qazlal.
   995 | D:2      | Found a blossoming altar of Fedhas.
  1300 | D:2      | Reached XP level 4. HP: 22/22 MP: 5/5
  1648 | D:3      | Noticed Ijyb
  1661 | D:3      | Killed Ijyb
  1661 | D:3      | Reached skill level 7 in Stealth
  1786 | D:3      | Noticed Robin
  1821 | D:3      | Killed Robin
  1945 | D:3      | Found a shattered altar of Ashenzari.
  1976 | D:3      | Noticed an ogre
  1980 | D:3      | Killed an ogre
  1980 | D:3      | Reached XP level 5. HP: 25/25 MP: 6/6
  2031 | D:3      | Noticed Terence
  2032 | D:3      | Found an ornate altar of the Wu Jian Council.
  2037 | D:3      | Killed Terence
  2124 | D:3      | Noticed Natasha
  2128 | D:3      | Killed Natasha
  2128 | D:3      | Reached skill level 5 in Dodging
  2128 | D:3      | Reached skill level 8 in Stealth
  2188 | D:3      | Noticed Natasha
  2201 | D:3      | Killed Natasha
  2201 | D:3      | Reached XP level 6. HP: 30/30 MP: 7/7
  2275 | D:3      | Found a deep blue altar of Sif Muna.
  2304 | D:4      | Found a staircase to the Ecumenical Temple.
  2324 | Temple   | Entered the Ecumenical Temple
  2447 | D:4      | Found a shimmering altar of Xom.
  2492 | D:4      | Noticed a dagger
  2493 | D:4      | Found a hide-covered altar of Uskayaw.
  2493 | D:4      | Noticed a hand axe
  3120 | D:4      | Found a hazy altar of Hepliaklqana.
  3175 | D:5      | Entered Level 5 of the Dungeon
  3176 | D:5      | Reached skill level 5 in Short Blades
  3210 | D:5      | Reached XP level 7. HP: 33/33 MP: 8/8
  3213 | D:5      | Found an iron altar of Okawaru.
  3232 | D:5      | Reached skill level 9 in Stealth
  3417 | D:5      | Noticed Sigmund
  3426 | D:5      | Noticed Grinder
  3427 | D:5      | Killed Sigmund
  3448 | D:5      | Found a sacrificial altar of Ru.
  3457 | D:5      | Killed Grinder
  3457 | D:5      | Reached skill level 10 in Stealth
  3769 | D:5      | Reached XP level 8. HP: 35/37 MP: 9/9
  3842 | D:5      | Found a runed door.
  4080 | D:5      | Noticed Crazy Yiuf
  4084 | D:5      | Killed Crazy Yiuf
  4432 | D:6      | Reached skill level 11 in Stealth
  5008 | D:7      | Noticed a hornet
  5014 | D:7      | Killed a hornet
  5014 | D:7      | Reached XP level 9. HP: 41/41 MP: 10/10
  5028 | D:7      | Reached skill level 12 in Stealth
  5113 | D:7      | Reached skill level 10 in Dodging
  5174 | D:7      | Found a burning altar of Makhleb.
  5175 | D:7      | Found a radiant altar of Vehumet.
  6544 | D:8      | Reached skill level 13 in Stealth
  6890 | D:8      | Reached XP level 10. HP: 39/46 MP: 11/11
  6987 | D:8      | Noticed a four-headed hydra
  6987 | D:8      | Noticed a black mamba
  7007 | D:8      | Killed a four-headed hydra
  7007 | D:8      | Reached skill level 14 in Stealth
  7059 | D:8      | Noticed a spiny frog
  7059 | D:8      | Reached skill level 10 in Short Blades
  7069 | D:8      | Killed a spiny frog
  7505 | D:9      | Found an opulent altar of Gozag.
  7512 | D:9      | Became a worshipper of Gozag Ym Sagoz the Greedy
  7981 | D:10     | Entered Level 10 of the Dungeon
  8073 | D:10     | Reached skill level 15 in Stealth
  8188 | D:10     | Found a staircase to the Orcish Mines.
  8467 | D:10     | Found a transporter.
  8481 | D:10     | Found a transporter.
  8508 | D:10     | Reached XP level 11. HP: 49/49 MP: 12/12
  8518 | D:10     | Noticed brujo666's ghost (journeyman MiMo)
  9219 | D:11     | Noticed a two-headed ogre
  9467 | D:11     | Found a staircase to the Lair.
  9759 | D:11     | Found an ornate altar of the Wu Jian Council.
  9832 | D:11     | Killed a two-headed ogre
  9832 | D:11     | Reached skill level 16 in Stealth
 10122 | D:12     | Noticed a deep elf mage
 10123 | D:12     | Noticed a deep elf mage
 10692 | D:11     | Bought a dazzling lajatang for 480 gold pieces
 10694 | D:11     | Identified the +4 lajatang of the Valley of Death {venom, rN+ Str+2} (You bought it in a shop on level 11 of the Dungeon)
 10722 | Lair:1   | Entered Level 1 of the Lair of Beasts
 10969 | Lair:1   | Found a transporter.
 10969 | Lair:1   | Noticed Gyogu's ghost (journeyman BaFi)
 11331 | Lair:1   | Found a transporter.
 11461 | Lair:1   | Noticed Nergalle
 11470 | Lair:1   | Killed Nergalle
 11470 | Lair:1   | Reached skill level 5 in Throwing
 12713 | Lair:1   | Noticed Sonja
 12741 | Lair:1   | Killed Sonja
 12741 | Lair:1   | Reached XP level 12. HP: 46/53 MP: 13/13
 12905 | Lair:2   | Noticed Harold
 12912 | Lair:2   | Killed Harold
 13295 | Lair:2   | Found a hole to the Spider Nest.
 13809 | Lair:2   | Noticed Gastronok
 14022 | Lair:2   | Killed Gastronok
 14131 | Lair:2   | Reached skill level 10 in Throwing
 14504 | D:11     | Bought a twisted hand crossbow for 204 gold pieces
 14504 | D:11     | Bought a scroll of blinking for 180 gold pieces
 14504 | D:11     | Bought a scroll of identify for 48 gold pieces
 14508 | D:11     | Identified the +9 hand crossbow "Duazyg" {velocity, Str+2} (You bought it in a shop on level 11 of the Dungeon)
 14652 | Lair:3   | Reached skill level 1 in Crossbows
 15264 | Lair:3   | Reached skill level 5 in Crossbows
 15333 | Lair:3   | Found a staircase to the Swamp.
 16251 | Lair:4   | Found a runed door.
 16255 | Lair:4   | Found a shimmering altar of Xom.
 16255 | Lair:4   | Noticed Semoacif's ghost (journeyman GnAE)
 16785 | Lair:5   | Found a transporter.
 17106 | Lair:5   | Found a transporter.
 17202 | Lair:5   | Got a jewelled hunting sling
 17203 | Lair:5   | Identified the +5 hunting sling "Guhota" {flame, rElec Int-3 SInv Stlth+} (You found it on level 5 of the Lair of Beasts)
 17245 | Lair:5   | Noticed an eight-headed hydra
 17282 | Lair:5   | Killed an eight-headed hydra
 17282 | Lair:5   | Reached XP level 13. HP: 57/58 MP: 14/14
 17591 | Lair:5   | Found a frozen archway.
 17748 | Lair:5   | Found a staircase to the Slime Pits.
 17962 | Lair:6   | Entered Level 6 of the Lair of Beasts
 18490 | Lair:6   | Reached skill level 10 in Crossbows
 19518 | Lair:6   | Noticed a dire elephant
 19553 | Lair:6   | Reached skill level 5 in Fighting
 19682 | Lair:6   | Killed a dire elephant
 20121 | Lair:6   | Found a runed door.
 20164 | Lair:6   | Noticed a fire dragon
 20167 | Lair:6   | Killed a fire dragon
 20748 | Lair:6   | Paralysed by a hornet for 2 turns
 21242 | D:11     | Bought a +6 short sword of protection for 462 gold pieces
 21378 | D:12     | Got a warped brass amulet
 21437 | D:12     | Identified the amulet "Esun" {Acrobat rPois Str+4 Stlth+} (You found it on level 12 of the Dungeon)
 21459 | D:12     | Reached XP level 14. HP: 72/72 MP: 15/15
 21580 | D:12     | Found an opulent altar of Gozag.
 22788 | Orc:1    | Entered Level 1 of the Orcish Mines
 23217 | Orc:1    | Noticed an orc warlord
 23231 | Orc:1    | Killed an orc warlord
 23668 | Orc:1    | Reached skill level 10 in Fighting
 23795 | D:10     | Bought a twisted cloak for 351 gold pieces
 23796 | D:10     | Identified the +0 cloak of the Hills {Str+4} (You bought it in a shop on level 10 of the Dungeon)
 23875 | Orc:1    | Noticed an orc warlord
 24054 | Orc:1    | Killed an orc warlord
 24559 | Orc:2    | Entered Level 2 of the Orcish Mines
 24559 | Orc:2    | Found a staircase to the Elven Halls.
 24626 | Orc:2    | Noticed Donald
 24666 | Orc:2    | Killed Donald
 24740 | Orc:2    | Reached skill level 1 in Spellcasting
 24806 | Orc:2    | Noticed Snorg
 24834 | Orc:2    | Killed Snorg
 25281 | Orc:2    | Noticed Josephine
 25328 | Orc:2    | Killed Josephine
 25620 | Orc:2    | Found a roughly hewn altar of Beogh.
 25644 | Orc:2    | Reached skill level 5 in Spellcasting
 26164 | Orc:2    | Learned a level 3 spell: Ozocubu's Armour
 26724 | Orc:2    | Found Cosoetui's Antique Weapon Shoppe.
 26728 | Orc:2    | Found Naoheso's Antique Armour Shoppe.
 26733 | Orc:2    | Found Laguam's Book Emporium.
 26733 | Orc:2    | Found Usintofur's General Store.
 26742 | Orc:2    | Bought a dazzling dagger for 252 gold pieces
 26744 | Orc:2    | Bought a scroll of identify for 24 gold pieces
 26744 | Orc:2    | Bought a scroll of teleportation for 36 gold pieces
 26744 | Orc:2    | Bought 8 needles of sleeping for 48 gold pieces
 26753 | Orc:2    | Identified the +8 dagger of Incongruity {antimagic, Dex+3 Stlth+} (You bought it in a shop on level 2 of the Orcish Mines)
 26942 | D:10     | Bought a glowing robe for 136 gold pieces
 27083 | D:14     | Found the +8 autumn katana {slice, Clar}
 28364 | D:13     | Reached XP level 15. HP: 49/81 MP: 28/28
 29220 | D:14     | Found Umyfor's Gadget Boutique.
 29266 | D:14     | Reached skill level 10 in Spellcasting
 29430 | D:14     | Reached skill level 1 in Charms
 29573 | D:14     | Found a gate to the Vaults.
 30154 | D:14     | Reached skill level 5 in Charms
 30555 | D:15     | Entered Level 15 of the Dungeon
 30897 | D:15     | Found a staircase to the Depths.
 30897 | D:15     | Noticed a fire giant
 30899 | D:15     | Killed a fire giant
 31163 | D:15     | Found a runed gate.
 31163 | D:15     | Found a runed gate.
 31164 | D:15     | Found a runed gate.
 31170 | D:15     | Noticed SnubMonkey's ghost (journeyman SpEn)
 31390 | D:15     | Reached skill level 10 in Charms
 31637 | D:15     | Got a steaming turquoise ring
 32226 | D:15     | Identified the ring "Ypuziniu" {rF+ rC+ Stlth+} (You found it on level 15 of the Dungeon)
 32252 | Depths:1 | Entered Level 1 of the Depths
 32436 | Elf:1    | Entered Level 1 of the Elven Halls
 32461 | Elf:1    | Found a ruined gateway.
 32496 | Elf:1    | HP: 3/81 [ragged hierophant/a resonance strike (15)]
 32496 | Elf:1    | HP: 1/81 [saltling (2)]
 32497 | Elf:1    | Succumbed to a guardian serpent's bolt of poison

Vault maps used:
D:1:      dpeg_arrival_tiny_a, minmay_misc_feat_columns
D:2:      grunt_temple_overflow_forces_of_nature, old_standard_altar,
          minmay_misc_feat_four_crosses, hangedman_decor_growths
D:3:      tgw_sif, nicolae_overflow_crystal_walls, cheibrodos_ashenzari_chains,
          first_ration, uniq_ijyb, uniq_robin, uniq_natasha, uniq_terence
D:4:      kennysheep_little_box, kennysheep_mini_moat, dancing_weapons_uskayaw,
          minmay_temple_entry_trees, serial_corexii_hall,
          corexii_hall_statues_i, corexii_hall_statues_x
D:5:      nicolae_ru_awakened_eye, basic_altar, kennysheep_doodads,
          uniq_crazy_yiuf_cottage, uniq_sigmund, uniq_grinder
D:6:      minmay_diamond_boxcup, kennysheep_generic_room_14
D:7:      grunt_temple_overflow_lords_of_destruction
D:8:      minmay_the_grid_triangle_9x9_recursive_2
D:9:      grunt_gozag_statues
D:10:     orc_0_dummy, gammafunk_ghost_mausoleum, hangedman_fish_farm,
          kennysheep_minor_cross
D:11:     minmay_lair_entry_lava, basic_altar, minmay_misc_feat_cross,
          small_statue_intersection
D:12:     basic_altar
D:14:     david_vaults_1, hangedman_decor_clover_reticule, serial_shops,
          nicolae_shop_crystal, kennysheep_generic_room_4
D:15:     grunt_enter_depths_giant_problem, corexii_corridor_pit,
          gammafunk_ghost_split, serial_ice, serial_ice_o, serial_ice_d,
          serial_ice_e, serial_ice_a, serial_ice_g, serial_ice_m,
          onia_ninara_cookie
Temple:   jpeg_temple_island
Lair:1:   gammafunk_ghost_arena, special_room, lemuel_fruit_fields,
          uniq_nergalle, uniq_sonja
Lair:2:   spider_nest_entry_rubble, uniq_gastronok, uniq_harold
Lair:3:   minmay_swamp_entry_swarm, wad_woods_road_05
Lair:4:   ebering_ghost_xom
Lair:5:   gammafunk_cloud_chamber, minmay_slime_entry_oklob_enclosed,
          portal_ice_cave_demonic_guard
Lair:6:   hangedman_lair_in_review, wormcave, minmay_lair_oklob_bushes,
          lemuel_fruit_fields
Orc:2:    st_orc_mages, minmay_orc_temple_a, uniq_josephine, uniq_snorg,
          uniq_donald
Elf:1:    portal_desolation_entry_nicolae_nacl, orc_legates,
          hangedman_corner_corridor
Depths:1: minmay_misc_feat_five, hellmouth_1, pan_entry,
          hangedman_decor_opposing, hangedman_blasphemy, uniq_mara, uniq_sojobo

Skill      XL: |  1  2  3  4  5  6  7  8  9 10 11 12 13 14 15 |
---------------+----------------------------------------------+-----
Stealth        | 6 7 8 10 11 13 15 16 | 16.5
Dodging        | 2 3 4 5 6 7 9 11 13 14 | 14.6
Short Blades   | 3 4 5 6 7 9 10 11 12 | 12.1
Throwing       | 7 10 | 10.0
Crossbows      | 7 10 | 10.0
Fighting       | 7 10 | 10.4
Spellcasting   | 8 10 | 10.0
Charms         | 11 | 11.7

Action                   |  1- 3 |  4- 6 |  7- 9 | 10-12 | 13-15 || total
-------------------------+-------+-------+-------+-------+-------++-------
Melee: Dagger            |    89 |   140 |   295 |   657 |   218 ||  1399
       Lajatang          |       |       |       |    32 |       ||    32
       Falchion          |       |       |       |    36 |     3 ||    39
       Quarterstaff      |       |       |       |     4 |       ||     4
       Short sword       |       |       |       |       |   835 ||   835
       Katana            |       |       |       |       |     3 ||     3
 Fire: Blowgun           |     7 |    17 |    93 |   117 |   167 ||   401
       Shortbow          |       |       |       |     7 |       ||     7
       Hand crossbow     |       |       |       |   148 |   621 ||   769
       Hunting sling     |       |       |       |       |    21 ||    21
Throw: Stone             |       |       |     2 |       |       ||     2
       Throwing net      |       |       |       |     4 |    13 ||    17
       Tomahawk          |       |       |       |       |    94 ||    94
Invok: Call Merchant     |       |       |       |     1 |     4 ||     5
Evoke: Wand              |       |     7 |    19 |    41 |    29 ||    96
       Sack of spiders   |       |       |       |     5 |       ||     5
  Use: Scroll            |     8 |     2 |    12 |    14 |    14 ||    50
       Potion            |       |     1 |       |     9 |     4 ||    14
 Stab: Sleeping          |    13 |     7 |    48 |    50 |    45 ||   163
       Distracted        |       |       |     2 |     7 |    24 ||    33
       Paralysed         |       |       |     1 |     6 |     2 ||     9
       Held in net/web   |       |       |       |     3 |     6 ||     9
       Invisible         |       |       |       |     2 |       ||     2
  Eat: Ration            |       |       |     4 |     4 |     9 ||    17
Armor: Robe              |     5 |    14 |    13 |    35 |    88 ||   155
       Skin              |       |       |       |    34 |       ||    34
Dodge: Dodged            |    52 |   115 |   222 |   588 |   995 ||  1972
       Rpst.: Falchion   |       |       |       |    11 |       ||    11
       Katana            |       |       |       |       |     1 ||     1

Table legend:
 A = Spawn XP
 B = Non-spawn XP
 C = Spawn XP percentage of total XP
 D = Spawn monster count
 E = Non-spawn monster count
 F = Spawn count percentage of total count
 G = Total turns spent on level
                    A         B        C        D         E        F      G
               +---------+---------+-------+---------+---------+-------+---------
         Total |       0 |  134142 |   0.0 |       0 |     683 |   0.0 | 32497
               +---------+---------+-------+---------+---------+-------+---------
           D:1 |       0 |      42 |   0.0 |       0 |      22 |   0.0 |   648
           D:2 |       0 |      60 |   0.0 |       0 |      16 |   0.0 |   903
           D:3 |       0 |     345 |   0.0 |       0 |      18 |   0.0 |   753
           D:4 |       0 |     136 |   0.0 |       0 |      11 |   0.0 |   803
           D:5 |       0 |    1284 |   0.0 |       0 |      19 |   0.0 |   940
           D:6 |       0 |     905 |   0.0 |       0 |      29 |   0.0 |   878
           D:7 |       0 |    1155 |   0.0 |       0 |      25 |   0.0 |  1051
           D:8 |       0 |    4847 |   0.0 |       0 |      35 |   0.0 |  1375
           D:9 |       0 |     872 |   0.0 |       0 |       6 |   0.0 |   570
          D:10 |       0 |    2840 |   0.0 |       0 |      27 |   0.0 |  1407
          D:11 |       0 |    2886 |   0.0 |       0 |      13 |   0.0 |  1256
          D:12 |       0 |    5261 |   0.0 |       0 |      30 |   0.0 |   974
          D:13 |       0 |   11426 |   0.0 |       0 |      52 |   0.0 |  2704
          D:14 |       0 |   14172 |   0.0 |       0 |      41 |   0.0 |  2093
          D:15 |       0 |   16763 |   0.0 |       0 |      51 |   0.0 |  1728
        Lair:1 |       0 |    4745 |   0.0 |       0 |      25 |   0.0 |  2078
        Lair:2 |       0 |    6334 |   0.0 |       0 |      16 |   0.0 |  1647
        Lair:3 |       0 |    6168 |   0.0 |       0 |      31 |   0.0 |  1361
        Lair:4 |       0 |    1395 |   0.0 |       0 |       7 |   0.0 |   843
        Lair:5 |       0 |    3650 |   0.0 |       0 |      13 |   0.0 |  1371
        Lair:6 |       0 |   23518 |   0.0 |       0 |      51 |   0.0 |  3000
         Orc:1 |       0 |   11565 |   0.0 |       0 |      69 |   0.0 |  2148
         Orc:2 |       0 |   11815 |   0.0 |       0 |      72 |   0.0 |  1815
         Elf:1 |       0 |    1740 |   0.0 |       0 |       2 |   0.0 |    61
      Depths:1 |       0 |     218 |   0.0 |       0 |       2 |   0.0 |    22
               +---------+---------+-------+---------+---------+-------+---------
